 Dungeon Crawl Stone Soup version 0.31-a0-152-g6aa68a64a1 (webtiles) character file.

Game seed: 10214286408634978655

332 comborobin the Shooter (level 6, -5/36 HPs)
             Began as a Deep Elf Delver on June 10, 2023.
             Slain by a lemure (8 damage)
             ... led by Pikel
             ... on level 4 of the Dungeon.
             The game lasted 00:04:35 (1723 turns).

comborobin the Shooter (Deep Elf Delver)            Turns: 1723, Time: 00:04:35

Health: -5/36      AC:  5    Str:  9    XL:     6   Next: 26%
Magic:  3/8        EV: 12    Int: 15    God:
Gold:   86         SH:  0    Dex: 20    Spells: 5/5 levels left

rFire   . . .        a - +5 Force Lance {heavy, knockback}
rCold   + . .        (no shield)
rNeg    . . .        h - +1 leather armour {rC+}
rPois   .            (no helmet)
rElec   .            (no cloak)
rCorr   .            d - +0 pair of gloves
SInv    .            (no boots)
Will    .....        (no amulet)
Stlth   ++++         (no ring)
HPRegen 0.26/turn    (no ring)
MPRegen 0.11/turn

%: no passive effects
@: no status effects
A: hooves 1, thin skeletal structure 1, MP-powered wands
a: no special abilities


You were on level 4 of the Dungeon.
You visited 1 branch of the dungeon, and saw 5 of its levels.

You collected 86 gold pieces.

Inventory:

Hand Weapons
 a - the +5 Force Lance (weapon) {heavy, knockback}
   (You found it on level 3 of the Dungeon)
 b - a +0 sling
 c - a +0 short sword
Armour
 d - a +0 pair of gloves (worn)
 h - a +1 leather armour of cold resistance (worn)
 j - a +0 leather armour
Jewellery
 n - a ring of flight
Wands
 e - a wand of roots (5)
Scrolls
 g - 2 scrolls of teleportation {unknown}
 m - a scroll of enchant weapon
Potions
 f - 2 potions of curing
 i - a potion of cancellation {unknown}
 l - a potion of brilliance


   Skills:
 - Level 2.4 Fighting
 - Level 2.9 Short Blades
 + Level 7.7 Ranged Weapons
 - Level 2.4 Dodging
 - Level 6.0 Stealth


You had 5 spell levels left.
You didn't know any spells.
Your spell library contained the following spells:

 Spells                   Type           Power      Damage    Failure   Level
 Magic Dart               Conj           0%         1d3       36%         1
 Ensorcelled Hibernation  Hex/Ice        0%         N/A       50%         2
 Searing Ray              Conj           0%         2d4       50%         2
 Inner Flame              Hex/Fire       0%         N/A       75%         3
 Spider Form              Tmut/Pois      0%         N/A       75%         3
 Anguish                  Hex/Necr       0%         N/A       98%         4
 Flame Wave               Conj/Fire      0%         2d4       98%         4
 Fulminant Prism          Conj/Hex       0%         3d5       98%         4
 Sticky Flame             Conj/Fire      0%         2d3       98%         4


Dungeon Overview and Level Annotations

Branches:
Dungeon (6/15)
 Temple: D:4-7

Altars:

Annotations:
D:4 Eustachio, Pikel


Innate Abilities, Weirdness & Mutations

You have large cloven feet.
You have a somewhat thin skeletal structure. (Dex +2, Stealth+)
You expend magic power (3 MP) to strengthen your wands.


Message History

Aim: Pikel, wielding a +1 whip of freezing and wearing a +0 robe (heavily wounded)
You feel a slight surge of power.
The roots erupt in riotous growth!
Roots grab Pikel.
Roots grab the lemure.
The grasping roots constrict Pikel.
The grasping roots constrict the lemure!
You hear a shout!
Pikel closely misses you. The lemure barely misses you.
Unknown command.
Unknown command.
The grasping roots constrict Pikel.
The grasping roots constrict the lemure.
Pikel struggles to escape constriction.
The lemure struggles to escape constriction.
Reach: a) +5 Force Lance {heavy, knockback}
Press: ? - help, Dir - move target, f/p - Pikel
Aim: Pikel, wielding a +1 whip of freezing and wearing a +0 robe (severely wounded, constricted by roots, about 8% to evade the +5 Force Lance)
You reach to attack!
You hit Pikel.
Pikel is severely wounded.
The grasping roots constrict Pikel.
The grasping roots constrict the lemure!
You kill the lemure!
That felt strangely unrewarding.
The roots release their grip on Pikel.
Pikel says, "You'll rot in Tartarus!"
Pikel hits you but does no damage.
Unknown command.
Unknown command.
Reach: a) +5 Force Lance {heavy, knockback}
Press: ? - help, Dir - move target, f/p - Pikel
Aim: Pikel, wielding a +1 whip of freezing and wearing a +0 robe (severely wounded, about 36% to evade the +5 Force Lance)
You closely miss Pikel. You kick Pikel, but do no damage.
Pikel is severely wounded.
Pikel hits you with a +1 whip of freezing!
Pikel freezes you.
* * * LOW HITPOINT WARNING * * *
Pikel hits you with a +1 whip of freezing.
* * * LOW HITPOINT WARNING * * *
Pikel freezes you.
* * * LOW HITPOINT WARNING * * *
The lemure hits you!
You die...

........#.............# #
........#......######## ..
...#....#.....)# ...
....#...#......# ...
...#....'......# ..
...+....#.....)#####'#
...#....#......#..>..##..
#########......#.5........
...............'@K......./
...............#..........
...............#.....##...
.........##'####.....# ..
.........#...?......... .
.........#...........##.
####....<#...........#
#.....+...##.....)#
#.....#...# .(..


You could see Pikel and a lemure.

Vanquished Creatures
  Grinder (D:2)
  3 lemures (D:4)
  A scorpion (D:4)
  Jessica (D:2)
  Natasha (D:3)
  An adder (D:6)
  3 worms
  2 orcs (D:3)
  An endoplasm (D:4)
  2 giant cockroaches (D:4)
  5 goblins
  2 quokkas
  5 ball pythons
  A kobold (D:3)
  5 rats (D:2)
34 creatures vanquished.

Notes
Turn   | Place    | Note
-------+----------+-------------------------------------------
     0 | D:5      | comborobin the Deep Elf Delver began the quest for the Orb.
     0 | D:5      | Reached XP level 1. HP: 13/13 MP: 3/3
    19 | D:6      | Reached XP level 2. HP: 18/18 MP: 4/4
    70 | D:4      | Noticed Eustachio
    72 | D:4      | Noticed a crimson imp
   356 | D:3      | Found the +5 Force Lance {heavy, knockback}
   361 | D:3      | Noticed Grinder
   384 | D:2      | Reached skill level 1 in Ranged Weapons
   384 | D:2      | Paralysed by Grinder for 4 turns
   390 | D:2      | Killed Grinder
   391 | D:2      | Reached skill level 6 in Ranged Weapons
   391 | D:2      | Reached XP level 3. HP: 5/22 MP: 5/5
   391 | D:2      | Reached XP level 4. HP: 6/27 MP: 6/6
   391 | D:2      | Reached XP level 5. HP: 7/31 MP: 7/7
   681 | D:2      | Noticed Jessica
   683 | D:2      | Killed Jessica
   969 | D:3      | Noticed Natasha
   985 | D:3      | Killed Natasha
   986 | D:3      | Reached skill level 7 in Ranged Weapons
  1171 | D:4      | Noticed a lemure
  1171 | D:4      | Noticed a lemure
  1173 | D:4      | Reached XP level 6. HP: 36/36 MP: 8/8
  1183 | D:4      | Gained mutation: You expend magic power (3 MP) to
                  | strengthen your wands. [potion of mutation]
  1183 | D:4      | Gained mutation: You have a somewhat thin skeletal
                  | structure. (Dex +2, Stealth+) [potion of mutation]
  1183 | D:4      | Gained mutation: You have large cloven feet. [potion of
                  | mutation]
  1711 | D:4      | Noticed Pikel
  1723 | D:4      | Slain by a lemure

Illustrated notes

Levels and vault maps discovered:
D:2:      layout_basic, uniq_jessica
D:3:      layout_loops_corners, roderic_lattice_a, chequers_avenue,
          uniq_terence, uniq_grinder, uniq_natasha
D:4:      minmay_spotlight, layout_gridville, nicolae_ossuary_entry_monument,
          uniq_pikel, uniq_menkaure, uniq_eustachio
D:5:      layout_basic, nicolae_overflow_crystal_walls
D:6:      lemuel_castle_with_subvaults [lemuel_castle_interior_carwin_2],
          layout_loops_corners, vehumet_altar_wand_db, minmay_ruffians,
          uniq_maggie

Skill      XL: |  1  2  3  4  5 |
---------------+----------------+-----
Ranged Weapons | 6 7 |  7.7
Fighting       | |  2.4
Short Blades   | |  2.9
Dodging        | |  2.4
Stealth        | |  6.0

Action                     |  1- 3 |  4- 6 || total
---------------------------+-------+-------++-------
  Melee: Short sword       |     9 |       ||     9
         Lance             |     7 |    44 ||    51
         Kick              |       |     4 ||     4
   Fire: Sling             |    36 |    63 ||    99
  Evoke: Wand              |     3 |     2 ||     5
    Use: Potion            |     5 |     5 ||    10
         Scroll            |     3 |     4 ||     7
   Stab: Sleeping          |     1 |     4 ||     5
 Armour: Leather armour    |    30 |    35 ||    65
  Dodge: Dodged            |    61 |    61 ||   122

Table legend: (Time is in decaauts)
 A = Elapsed time spent in this place.
 B = Non-inter-level travel time spent in this place.
 C = Inter-level travel time spent in this place.
 D = Time resting spent in this place.
 E = Time spent auto-exploring this place.
 F = Levels seen in this place.
 G = Mean time per level.
                   A        B        C        D        E       F      G
               +--------+--------+--------+--------+--------+-----+--------+
         Total |   1763 |   1731 |     32 |    295 |    873 |   5 |  352.6 |
       Dungeon |   1763 |   1731 |     32 |    295 |    873 |   5 |  352.6 |
               +--------+--------+--------+--------+--------+-----+--------+

Top non-repeatable levels by time:
     D:4: 873 daAuts
     D:2: 575 daAuts
     D:3: 232 daAuts
     D:6: 45 daAuts
     D:5: 37 daAuts
